 Dungeon Crawl Stone Soup version 0.28.0-43-g3370ac3207 (webtiles) character file.

Game seed: 10892926483041762635

590 terff the Chopper (level 7, -1/91 HPs)
             Began as a Hill Orc Fighter on Apr 1, 2022.
             Slain by a killer bee (2 damage)
             ... on level 4 of the Dungeon.
             The game lasted 00:06:04 (3549 turns).

terff the Chopper (Hill Orc Fighter)                Turns: 3549, Time: 00:06:05

Health: -1/91      AC: 23    Str: 19    XL:     7   Next: 38%
Magic:  7/7        EV:  2    Int:  8    God:
Gold:   112        SH:  0    Dex: 12    Spells: 6/6 levels left

rFire   + . .      SeeInvis .   m - +6 quarterstaff "Onupn" {holy, Will+}
rCold   + . .      Faith    .   (shield currently unavailable)
rNeg    . . .      Spirit   .   (armour currently unavailable)
rPois   +          Reflect  .   (helmet currently unavailable)
rElec   +          Harm     .   (cloak currently unavailable)
rCorr   +          Rampage  .   (gloves currently unavailable)
Will    +....      NoTele   +   (boots currently unavailable)
Stlth   ++........              (no amulet)
HPRegen 0.25/turn               (no ring)
MPRegen 0.10/turn               (no ring)

@: lethally poisoned (-1 -> -8), tree-form, resistant
A: stationary, stasis, torment immunity, boosted hp
a: no special abilities


You were on level 4 of the Dungeon.
You were a tree.
You visited 1 branch of the dungeon, and saw 4 of its levels.

You collected 112 gold pieces.

Inventory:

Hand Weapons
 m - the +6 quarterstaff "Onupn" (weapon) {holy, Will+}
   (You found it on level 2 of the Dungeon)

   It has been blessed by the Shining One to cause great damage to the undead
   and demons.
   Will:      It increases your willpower.
Armour
 h - a +2 cloak (melded)
 j - a +0 chain mail (melded)
Jewellery
 k - an amulet of faith
 q - a ring of wizardry
Scrolls
 o - a scroll of blinking
Potions
 d - a potion of might
 e - 2 potions of haste
 l - a potion of flight
 n - a potion of brilliance {unknown}
 p - a potion of degeneration {unknown}


   Skills:
 + Level 5.2 Fighting
 + Level 5.8 Axes
 + Level 2.4 Staves
 + Level 5.3 Armour
 + Level 1.0 Dodging
 + Level 1.0 Stealth
 + Level 3.8 Shields


You had 6 spell levels left.
You didn't know any spells.
Your spell library contained the following spells:

 Spells                   Type           Power      Damage    Failure   Level
 Beastly Appendage        Tmut           0%         N/A       41%         1
 Corpse Rot               Necr/Air       0%         N/A       54%         2
 Poisonous Vapours        Pois/Air       0%         N/A       54%         2
 Wereblood                Tmut           0%         N/A       54%         2
 Dazzling Flash           Conj/Hex       0%         N/A       78%         3
 Spider Form              Tmut/Pois      0%         N/A       78%         3
 Agony                    Necr           0%         N/A       100%        5
 Silence                  Hex/Air        0%         N/A       100%        5


Dungeon Overview and Level Annotations

Branches:
Dungeon (4/15)
 Temple: D:4-7

Altars:
Ashenzari
Elyvilon
Ru
Wu Jian

Shops:
D:3 *


Message History

The killer bee misses you.
The killer bee stings you but does no damage. x2
You hit the killer bee.
The killer bee is lightly wounded.
You feel very sick. The killer bee stings you! The killer bee stings you.
* * * LOW HITPOINT WARNING * * *
The killer bee stings you.
* * * LOW HITPOINT WARNING * * *
The killer bee stings you but does no damage.
The killer bee stings you.
* * * LOW HITPOINT WARNING * * *
The killer bee stings you but does no damage.
You turn into a tree.
Your +2 cloak melds into your body.
Your +0 chain mail melds into your body.
Your roots penetrate the ground.
You feel sick.
The killer bee stings you but does no damage.
The killer bee stings you.
* * * LOW HITPOINT WARNING * * *
You are lethally poisoned!
The killer bee poisons you! The killer bee barely misses you.
The killer bee stings you but does no damage.
The killer bee stings you.
* * * LOW HITPOINT WARNING * * *
The killer bee stings you but does no damage.
You sock the killer bee!
The killer bee is heavily wounded.
* * * LOW HITPOINT WARNING * * *
You feel very sick.
The killer bee stings you but does no damage. x7
You miss the killer bee.
The killer bee is heavily wounded.
* * * LOW HITPOINT WARNING * * *
You feel very sick.
The killer bee stings you but does no damage. x2
The killer bee barely misses you. The killer bee stings you.
* * * LOW HITPOINT WARNING * * *
The killer bee stings you but does no damage. x3
The killer bee stings you.
You die...

#...... #.......#
#......#####.......#
#..................#
#..................#
#..................##
#....................
#...................[
#....................
#######..y♣..#####.........
.........yy..#...'.........
.............#...#......)##
.............#...#.......#.
.............#...#########.
.............#...........#.
.............'...........#.
.............#...........#.
.............######.....##.


You could see 3 killer bees.

Vanquished Creatures
  Sigmund (D:2)
  An ogre (D:4)
  A scorpion (D:4)
  An orc priest (D:4)
  Crazy Yiuf (D:2)
  An iguana (D:3)
  Terence (D:2)
  2 orc wizards (D:4)
  A hound skeleton (D:4)
  4 adders
  An adder skeleton (D:4)
  A worm (D:3)
  A dart slug (D:2)
  5 orcs
  8 ball pythons
  4 bats
  5 endoplasms
  A giant cockroach (D:3)
  8 goblins
  10 hobgoblins
  5 kobolds
  4 quokkas
  2 frilled lizards (D:3)
  8 rats
77 creatures vanquished.

Vanquished Creatures (others)
  5 plants (D:1)
5 creatures vanquished.

Grand Total: 82 creatures vanquished

Notes
Turn   | Place    | Note
-------+----------+-------------------------------------------
     0 | D:1      | terff the Hill Orc Fighter began the quest for the Orb.
     0 | D:1      | Reached XP level 1. HP: 19/19 MP: 1/1
   139 | D:1      | Reached XP level 2. HP: 27/27 MP: 2/2
   315 | D:1      | Found a faded altar of an unknown god.
   478 | D:1      | Reached XP level 3. HP: 29/33 MP: 3/3
   903 | D:2      | Noticed Terence
   916 | D:2      | Killed Terence
   918 | D:2      | Reached XP level 4. HP: 5/40 MP: 4/4
  1601 | D:2      | Found a broken altar of Ashenzari.
  1622 | D:2      | Identified the +6 quarterstaff "Onupn" {holy, Will+}
  1717 | D:2      | Noticed Sigmund
  1721 | D:2      | Killed Sigmund
  1722 | D:2      | Reached skill level 5 in Axes
  1722 | D:2      | Reached XP level 5. HP: 47/47 MP: 5/5
  1722 | D:2      | Reached XP level 6. HP: 53/53 MP: 6/6
  1822 | D:2      | Found a runed translucent door.
  1823 | D:2      | Noticed Crazy Yiuf
  1829 | D:2      | Killed Crazy Yiuf
  2368 | D:3      | Found Saeheax's General Store.
  2434 | D:3      | Found a white marble altar of Elyvilon.
  2438 | D:3      | Found an ornate altar of the Wu Jian Council.
  2443 | D:3      | Reached skill level 1 in Stealth
  2443 | D:3      | Found a sacrificial altar of Ru.
  3085 | D:4      | Reached skill level 1 in Staves
  3136 | D:4      | Reached skill level 5 in Fighting
  3136 | D:4      | Reached skill level 5 in Armour
  3136 | D:4      | Reached XP level 7. HP: 37/61 MP: 7/7
  3301 | D:4      | Reached skill level 1 in Dodging
  3549 | D:4      | HP: 2/91 [poisoned by a killer bee]
  3549 | D:4      | Slain by a killer bee

Illustrated notes

Levels and vault maps discovered:
D:1:      dpeg_arrival_chambers_temple_mockup, layout_rooms,
          dreamdust_ecumenical_altar_grove, chequers_big_river
D:2:      layout_loops_ring, basic_altar, hangedman_decor_growths, uniq_sigmund,
          uniq_crazy_yiuf_cottage, uniq_terence
D:3:      layout_basic, grunt_temple_overflow_open, serial_shops,
          nicolae_shop_temple_entry_statues_fountains
D:4:      layout_gridville, tso_metal_star

Skill      XL: |  1  2  3  4  5  6  7 |
---------------+----------------------+-----
Axes           | 3 5 |  5.8
Fighting       | 4 5 |  5.2
Armour         | 4 5 |  5.3
Stealth        | 1 |  1.0
Staves         | 1 2 |  2.4
Dodging        | 1 |  1.0
Shields        | |  3.8

Action                   |  1- 3 |  4- 6 |  7- 9 || total
-------------------------+-------+-------+-------++-------
Melee: War axe           |    86 |    43 |       ||   129
       Quarterstaff      |       |    72 |    34 ||   106
  Use: Scroll            |       |     7 |     2 ||     9
       Potion            |       |     1 |     3 ||     4
Armor: Scale mail        |    45 |       |       ||    45
       Chain mail        |       |    87 |    36 ||   123
       Skin              |       |       |    15 ||    15
Dodge: Dodged            |    38 |    35 |    25 ||    98
Block: Buckler           |    18 |    10 |       ||    28
